 Dungeon Crawl Stone Soup version 0.17.2 (webtiles) character file.

1817 ololoev the Cudgeler (level 8, -6/64 HPs)
             Began as a Mummy Chaos Knight on June 30, 2016.
             Mangled by an orc warrior
             ... wielding a +0 trident
              (17 damage)
             ... on level 6 of the Dungeon.
             The game lasted 00:11:27 (4447 turns).

ololoev the Cudgeler (Mummy Chaos Knight)           Turns: 4447, Time: 00:11:27

Health: -6/64      AC: 17    Str: 18    XL:     8   Next: 85%
Magic:  8/8        EV:  5    Int: 11    God:    Xom [..*...]
Gold:   301        SH:  0    Dex: 11    Spells: 1 memorised, 1 level left

rFire  x . .     SeeInvis .     a - +0 mace (chaos)
rCold  + . .     Clarity  .     d - +0 plate armour
rNeg   + + +     SustAt   .     (no shield)
rPois  ∞         Gourm    .     n - +2 hat
rElec  .         Spirit   .     g - +0 cloak
rCorr  .         Warding  .     p - +1 pair of gloves
rMut   .         Stasis   .     (no boots)
MR     +....                    j - amulet of regeneration
Stlth  ..........               (no ring)
                                o - ring of wizardry

@: somewhat resistant to hostile enchantments, extremely unstealthy
A: no food or potions, fire vulnerability, cold resistance 1, negative energy
resistance 3, torment resistance, unbreathing
a: Renounce Religion


Innate Abilities, Weirdness & Mutations

You do not eat or drink.
Your flesh is vulnerable to fire.
You are immune to poison.
Your flesh is cold resistant.
You are immune to negative energy.
You are immune to unholy pain and torment.
You can survive without breathing.

Inventory:

Hand Weapons
 a - a +0 mace of chaos (weapon)
Missiles
 f - 45 poisoned needles
Armour
 d - a +0 plate armour (worn)
 g - a +0 cloak (worn)
 n - a +2 hat (worn)
 p - a +1 pair of gloves (worn)
Jewellery
 j - an amulet of regeneration (around neck)
 o - a ring of wizardry (left hand)
Wands
 k - a wand of frost (22)
 r - a wand of magic darts (12)
Scrolls
 b - 2 scrolls of identify
 c - 3 scrolls of recharging
 e - 6 scrolls of remove curse
 h - a scroll of enchant armour
 l - a scroll of summoning
 m - a scroll of amnesia
 q - a scroll of teleportation


   Skills:
 + Level 5.8 Fighting
 * Level 7.1 Maces & Flails
 + Level 4.6 Armour
 - Level 0.7 Dodging
 + Level 2.8 Summonings


You had one spell level left.
You knew the following spells:

 Your Spells              Type           Power        Failure   Level  Hunger
a - Monstrous Menagerie   Summ           #.........   100%        6    N/A


You were on level 6 of the Dungeon.
You worshipped Xom.
You were a toy of Xom.
You were not hungry.

You visited 1 branch of the dungeon, and saw 6 of its levels.

You collected 301 gold pieces.

#.#
##.####........#
#.# #.# #.########
#.# ##.## #.# #.#
#...###.#
#.###.......# ### #
#.........!.# ....
. ##########.##
....# #
#.###########.....#
#.|...@oo....<.....
#.###########.....#
#.# ....# #.# .##.
#.# ∆ oo #.# o#
######.# # #......#
#.####.# #####

Notes
Turn   | Place    | Note
--------------------------------------------------------------
     0 | D:1      | ololoev the Mummy Chaos Knight began the quest for the Orb.
     0 | D:1      | Reached XP level 1. HP: 18/18 MP: 1/1
    26 | D:1      | XOM: silly message
    52 | D:1      | Reached XP level 2. HP: 20/24 MP: 2/2
   642 | D:1      | XOM: silly message
   737 | D:1      | Reached XP level 3. HP: 26/29 MP: 3/3
   759 | D:1      | XOM: vitrification
   823 | D:1      | XOM: vitrification
   930 | D:2      | XOM: colour smoke trail
  1057 | D:2      | XOM: 8-stop teleportation journey
  1186 | D:2      | XOM: divination: magic mapping
  1238 | D:2      | XOM: colour smoke trail
  1375 | D:2      | XOM: silly message
  1500 | D:3      | XOM: harmless Erth miscast
  1525 | D:3      | Reached XP level 4. HP: 35/35 MP: 4/4
  1770 | D:3      | XOM: divination: magic mapping
  1838 | D:3      | Found a burning altar of Makhleb.
  1849 | D:3      | Reached skill level 4 in Maces & Flails
  1887 | D:3      | Reached XP level 5. HP: 41/41 MP: 5/5
  1967 | D:3      | XOM: confuse monster(s)
  2137 | D:4      | Noticed an orc warrior
  2147 | D:4      | XOM: potion effect (invisibility)
  2256 | D:4      | Reached XP level 6. HP: 47/47 MP: 6/6
  2292 | D:4      | XOM: silly message
  2657 | D:4      | XOM: confusion (+ monsters)
  2662 | D:4      | XOM: butterfly on damage
  2671 | D:4      | XOM: divination: detect creatures
  2768 | D:4      | XOM: noise
  2776 | D:4      | Killed an orc warrior
  2776 | D:4      | Reached skill level 5 in Maces & Flails
  2949 | D:4      | Noticed Crazy Yiuf
  2963 | D:4      | Killed Crazy Yiuf
  3057 | D:4      | Found a sparkling altar of Nemelex Xobeh.
  3058 | D:4      | Found a radiant altar of Vehumet.
  3113 | D:5      | Entered Level 5 of the Dungeon
  3131 | D:5      | Reached XP level 7. HP: 51/54 MP: 7/7
  3204 | D:5      | XOM: scenery: 1 doors close
  3383 | D:5      | Learned a level 6 spell: Monstrous Menagerie
  3441 | D:5      | XOM: divine lightning
  3507 | D:5      | XOM: vitrification
  3539 | D:5      | Noticed Grinder
  3541 | D:5      | Paralysed by Grinder for 5 turns
  3542 | D:5      | XOM: fog
  3552 | D:5      | Paralysed by Grinder for 4 turns
  3554 | D:5      | XOM: summons 3 friendly demons
  3576 | D:5      | Killed Grinder
  3576 | D:5      | Reached skill level 1 in Summonings
  3691 | D:5      | You fall through a shaft!
  3703 | D:6      | XOM: divination: detect items
  3734 | D:6      | Reached skill level 6 in Maces & Flails
  3810 | D:6      | XOM: vitrification
  3834 | D:6      | XOM: polymorph giant gecko -> hobgoblin
  3850 | D:6      | XOM: summons friendly white imp
  3878 | D:6      | Reached XP level 8. HP: 61/61 MP: 8/8
  4002 | D:6      | Reached skill level 5 in Fighting
  4113 | D:6      | Found a shimmering altar of Xom.
  4176 | D:6      | XOM: divination: detect creatures
  4199 | D:6      | Found an iron altar of Okawaru.
  4225 | D:6      | Noticed a slime creature
  4225 | D:6      | XOM: harmless Conj miscast
  4228 | D:6      | XOM: butterfly on damage
  4228 | D:6      | Killed a slime creature
  4228 | D:6      | Reached skill level 7 in Maces & Flails
  4228 | D:6      | HP: 1/64 [cloud of flame (27)]
  4438 | D:6      | XOM: noise
  4447 | D:6      | Mangled by an orc warrior

Dungeon Overview and Level Annotations

Branches:
Dungeon (6/15)
 Temple: D:4-7

Altars:
Makhleb
Nemelex Xobeh
Okawaru
Vehumet
Xom


Message History

The orc warrior is heavily wounded.
The orc warrior hits you with a trident!
You are too injured to fight recklessly!
You are too injured to fight recklessly!
You are too injured to fight recklessly!
You are too injured to fight recklessly!
You are too injured to fight recklessly!
You are too injured to fight recklessly!
You are too injured to fight recklessly!
You are too injured to fight recklessly!
You are too injured to fight recklessly!
You are too injured to fight recklessly!
You are too injured to fight recklessly!
You are too injured to fight recklessly!
You are too injured to fight recklessly!
You are too injured to fight recklessly!
You are too injured to fight recklessly!
You are too injured to fight recklessly!
You are too injured to fight recklessly!
You are too injured to fight recklessly!
You are too injured to fight recklessly!
You barely miss the orc warrior.
The orc warrior is heavily wounded.
The orc warrior hits you with a trident!
Your plate armour prevents you from hitting the orc warrior.
The orc warrior is heavily wounded.
The orc warrior barely misses you.
You closely miss the orc warrior.
The orc warrior is heavily wounded.
The orc warrior hits you with a trident!
Your plate armour prevents you from hitting the orc warrior.
The orc warrior is heavily wounded.
The orc warrior barely misses you.
You thump the orc warrior!
The orc warrior is almost dead.
The orc warrior barely misses you.
Your plate armour prevents you from hitting the orc warrior.
The orc warrior is almost dead.
The orc warrior hits you with a trident!
You die...

You could see an orc warrior and an orc.

Vanquished Creatures
  Grinder (D:5)
  A slime creature (D:6)
  A black bear (D:6)
  An orc warrior (D:4)
  A phantom (D:6)
  An ice beast (D:6)
  A centaur (D:6)
  2 giant frogs (D:6)
  2 giant frog zombies
  2 giant frog skeletons
  2 hounds
  9 jellies (D:6)
  2 orc wizards
  Crazy Yiuf (D:4)
  An iguana (D:4)
  3 orc priests
  A hound skeleton (D:5)
  5 adders
  14 oozes
  An adder zombie (D:4)
  An adder skeleton (D:4)
  3 giant geckos
  23 orcs
  2 ball pythons
  9 bats
  5 giant cockroaches
  18 hobgoblins
  2 quokkas
  2 giant newts
  4 goblins
  A jackal zombie (D:5)
  7 kobolds
  A quokka skeleton (D:5)
  8 rats
  3 fungi (D:6)
141 creatures vanquished.

Vanquished Creatures (collateral kills)
  A crimson imp (D:6)
  A goblin (D:1)
2 creatures vanquished.

Vanquished Creatures (others)
  An ogre (D:5)
  An adder skeleton (D:5)
  2 fungi (D:6)
4 creatures vanquished.

Grand Total: 147 creatures vanquished

Action                   |  1- 3 |  4- 6 |  7- 9 || total
-------------------------+-------+-------+-------++-------
Melee: Mace              |   157 |   162 |   208 ||   527
Evoke: Wand              |       |     6 |     4 ||    10
  Use: Scroll            |       |     9 |     2 ||    11
 Stab: Paralysed         |     2 |       |     6 ||     8
       Petrified         |       |     2 |     1 ||     3
       Petrifying        |       |       |     3 ||     3

Vault maps used:
D:1:      lightli_arrival_statuegarden
D:2:      supply_closet_lemuel
D:3:      makhleb_blood_cavern_becter, minmay_crystal_room
D:4:      gammafunk_temple_overflow_pools, uniq_crazy_yiuf_cottage
D:5:      temple_statues, basic_altar, first_bread, uniq_grinder
D:6:      lemuel_slime, kennysheep_little_box, basic_altar,
          grunt_decor_one_mirror
